 Dungeon Crawl Stone Soup version 0.29.1-15-g9cfb28693d (webtiles) character file.

Game seed: 14141565826276202864

43 Heoruswealwe the Digger (level 3, -3/19 HPs)
             Began as a Deep Elf Earth Elementalist on Mar 20, 2023.
             Slain by Terence
             ... wielding a +0 flail of protection
              (11 damage)
             ... on level 2 of the Dungeon.
             The game lasted 00:11:44 (971 turns).

Heoruswealwe the Digger (DEEE)                       Turns: 971, Time: 00:11:45

Health: -3/19      AC:  2    Str:  5    XL:     3   Next: 37%
Magic:  6/10       EV: 12    Int: 21    God:
Gold:   47         SH:  0    Dex: 15    Spells: 3/9 levels left

rFire   . . .      SeeInvis .   a - +0 short sword
rCold   . . .      Faith    .   (no shield)
rNeg    . . .      Spirit   .   b - +0 robe
rPois   +          Reflect  .   (no helmet)
rElec   .          Harm     .   (no cloak)
rCorr   .          Rampage  .   (no gloves)
Will    .....                   (no boots)
Stlth   ++........              (no amulet)
HPRegen 0.06/turn               c - ring of poison resistance
MPRegen 0.12/turn               (no ring)

@: no status effects
A: no striking features
a: no special abilities


You were on level 2 of the Dungeon.
You visited 1 branch of the dungeon, and saw 2 of its levels.

You collected 47 gold pieces.

Inventory:

Hand Weapons
 a - a +0 short sword (weapon)
 z - a +0 hand axe
Armour
 b - a +0 robe (worn)
Jewellery
 c - a ring of poison resistance (left hand)
Scrolls
 d - a scroll of summoning {unknown}
 f - 2 scrolls of identify {unknown}
 h - 2 scrolls of blinking {unknown}
 j - 2 scrolls of vulnerability {unknown}
 k - a scroll of torment {unknown}
 m - a scroll of teleportation {unknown}
Potions
 e - 2 potions of curing {unknown}
 l - a potion of magic


   Skills:
 - Level 2.4 Dodging
 - Level 2.4 Stealth
 + Level 3.5 Spellcasting
 + Level 1.2 Conjurations
 + Level 1.8 Transmutations
 * Level 4.0 Earth Magic


You had 3 spell levels left.
You knew the following spells:

 Your Spells              Type           Power      Damage    Failure   Level
a - Sandblast             Erth           40%        2d10      2%          1
b - Passwall              Tmut/Erth      13%        N/A       5%          2
c - Stone Arrow           Conj/Erth      28%        3d8       13%         3

Your spell library contained the following spells:

 Spells                   Type           Power      Damage    Failure   Level
 Freeze                   Ice            12%        1d4       13%         1
 Slow                     Hex            12%        N/A       13%         1
 Confusing Touch          Hex            3%         N/A       36%         3
 Frozen Ramparts          Ice            6%         1d1       36%         3
 Vampiric Draining        Necr           3%         2d6       36%         3
 Petrify                  Tmut/Erth      16%        N/A       36%         4
 Hailstorm                Conj/Ice       6%         3d4       67%         4


Dungeon Overview and Level Annotations

Branches:
Dungeon (2/15)

Altars:
Xom

Annotations:
D:2 Terence


Message History

Confirm with . or Enter, or press ? or * to list all spells.
Aiming: Passwall (safe; 6% risk of failure)
Press: ? - help, Dir - move target A rock wall.
You begin to meditate on the wall.
You continue meditating on the rock. x3
You finish merging with the rock.
There is an escape hatch in the floor here.
You slide downwards.
The hatch slams shut behind you.
Found a blue potion and 2 stones.
The blast of sand hits the hobgoblin!
You kill the hobgoblin!
An endoplasm comes into view.
The blast of sand hits the endoplasm!
You kill the endoplasm!
Found a scroll labelled HESOUM FUKH.
Found a scroll labelled DUOXUY RINUOGI.
h - 2 scrolls labelled HESOUM FUKH (gained 1)
d - a scroll labelled DUOXUY RINUOGI Terence the Incautious comes into view.
He is wielding a +0 flail of protection.
The blast of sand hits Terence.
Terence is lightly wounded.
Terence shouts!
A ball python comes into view.
The blast of sand hits the ball python!
You kill the ball python!
A bat comes into view.
Terence barely misses you.
The blast of sand hits Terence but does no damage.
Terence is lightly wounded.
The bat hits you. The bat hits you but does no damage.
Terence completely misses you.
The blast of sand hits Terence but does no damage.
Terence is lightly wounded.
The bat hits you but does no damage.
Terence hits you with a +0 flail of protection!
Ouch! That really hurt!
Terence hits you with a +0 flail of protection!
Ouch! That really hurt!
You die...
Xom giggles madly!

.............#
.!......#.#..#####
.......##.##.....#
.......
###..#.#..#
....... #..##.# #
....... ##..### .
# ##..#
....#.#b.##
#....†@##
#.###..@# #.....
#.....# #.......
#.....### #.....#
#.....#


You could see Terence and a bat.

Vanquished Creatures
  3 dart slugs (D:1)
  A bat (D:1)
  3 endoplasms
  2 giant cockroaches (D:1)
  5 hobgoblins
  2 jackals (D:1)
  5 kobolds (D:1)
  2 quokkas (D:1)
  4 ball pythons
  2 frilled lizards (D:1)
  2 goblins (D:1)
  A rat (D:1)
32 creatures vanquished.

Notes
Turn   | Place    | Note
-------+----------+-------------------------------------------
     0 | D:1      | Heoruswealwe the Deep Elf Earth Elementalist began the
                  | quest for the Orb.
     0 | D:1      | Reached XP level 1. HP: 10/10 MP: 6/6
   144 | D:1      | Reached XP level 2. HP: 12/15 MP: 1/8
   176 | D:1      | Learned a level 2 spell: Passwall
   422 | D:1      | Reached skill level 1 in Conjurations
   631 | D:1      | Reached XP level 3. HP: 19/19 MP: 7/9
   654 | D:1      | Learned a level 3 spell: Stone Arrow
   737 | D:1      | Reached skill level 4 in Earth Magic
   739 | D:1      | Found a faded altar of an unknown god.
   760 | D:1      | Prayed at the altar of an unknown god.
   760 | D:1      | Became a worshipper of Xom of Malicious Giggling
   761 | D:1      | Fell from the grace of Xom
   967 | D:2      | Noticed Terence
   971 | D:2      | Slain by Terence

Illustrated notes

Levels and vault maps discovered:
D:1:      minmay_arrival_hallway, layout_loops_corners, basic_ecumenical_altar
D:2:      layout_basic, grunt_decor_one_mirror, minmay_between, uniq_terence

Skill      XL: |  1  2  3 |
---------------+----------+-----
Conjurations   | 1 |  1.2
Earth Magic    | 4 |  4.0
Dodging        | |  2.4
Stealth        | |  2.4
Spellcasting   | |  3.5
Transmutations | |  1.8

Action                   || total
-------------------------++-------
 Cast: Sandblast         ||    43
       Passwall          ||     1
Invok: Renounce Religion ||     1
Armor: Robe              ||     3
Dodge: Dodged            ||     2
